 Dungeon Sprint DCSS version 0.23-a0-109-g5e4b187 (webtiles) character file.

8900000 Fang the Axe Maniac (level 27, -36/273 HPs)
             Began as a Minotaur Gladiator on Aug 22, 2018.
             Was the Champion of Makhleb.
             Annihilated by a meat berserker
             ... wielding a +9 battleaxe
              (66 damage)
             ... in the Dungeon (Sprint VIII: "Arena of Blood").
             The game lasted 00:01:54 (89 turns).

Fang the Axe Maniac (Minotaur Gladiator)              Turns: 89, Time: 00:01:55

Health: -36/273    AC:  6    Str: 32    XL:     27
Magic:  31/53      EV: 28    Int:  5    God:    Makhleb [******]
Gold:   0          SH:  0    Dex: 12    Spells: 80/80 levels left

rFire    . . .     SeeInvis .   l - +∞ Axe of Woe
rCold    . . .     Gourm    .   (shield currently unavailable)
rNeg     . . .     Faith    .   b - +0 leather armour
rPois    .         Spirit   .   c - +0 hat
rElec    .         Reflect  .   (no cloak)
rCorr    .         Harm     .   (no gloves)
MR       ++...     NoTele   +   (no boots)
Stlth    +++++++++.             (no amulet)
HPRegen  0.55/turn              (no ring)
MPRegen  0.33/turn              (no ring)

@: no status effects
A: retaliatory headbutt, horns 2
a: Minor Destruction, Lesser Servant of Makhleb, Major Destruction, Greater
Servant of Makhleb, Renounce Religion


You were in the Dungeon.
You worshipped Makhleb.
Makhleb was exalted by your worship.
You were not hungry.

You visited 1 branch

Inventory:

Hand Weapons
 a - a +0 war axe
 l - the +∞ Axe of Woe (weapon)
   (You found it in the Dungeon)
Missiles
 d - 3 throwing nets (quivered)
Armour
 b - a +0 leather armour (worn)
 c - a +0 hat (worn)
Scrolls
 k - a scroll of blinking
Potions
 e - a potion of curing
 h - a potion of haste
 i - 2 potions of magic
 j - a potion of berserk rage
Comestibles
 f - a ration


   Skills:
 O Level 27 Fighting
 O Level 27 Axes
 O Level 27 Throwing
 O Level 27 Armour
 O Level 27 Dodging
 O Level 27 Stealth
 O Level 27 Unarmed Combat
 O Level 27 Spellcasting
 O Level 27 Invocations


You had 80 spell levels left.
You didn't know any spells.
Your spell library was empty.

Dungeon Overview and Level Annotations

Branches:
Dungeon (1/1)

Altars:
Makhleb


Innate Abilities, Weirdness & Mutations

You reflexively headbutt those who attack you in melee.
You have a pair of horns on your head.


Message History

The bag of meat convulses!
Your body is wracked with pain!
* * * LOW HITPOINT WARNING * * *
The bag of meat convulses!
The eight-headed meat hydra convulses!
The destroyer blinks!
Unknown command.
You feel much better.
You hear a shout!
The meat berserker is engulfed in blazing flames. x2
You hear a shout!
The bag of meat is engulfed in blazing flames.
The eight-headed meat hydra calls on the powers of darkness!
The eight-headed meat hydra convulses!
The bag of meat convulses! x2
The meat berserker convulses!
Your body is wracked with pain!
* * * LOW HITPOINT WARNING * * *
The meat berserker convulses! x2
The destroyer is engulfed in blazing flames.
The destroyer completely misses you. x2
You hear a shout!
The meat berserker hits you with a +9 battleaxe!!!
You die...

....... .........
#...... #.......#
%%.#.%. #.......#
#..%...###.....2.###....
.......%.%..###.........
....#D.%....._W.........
..#§......#..§..#.O.....
.....oOO@)#_)<._#.......
..#.D.§VOW#§§§.)#......#
....#§§o§))))_..........
.....§o§§)))###)))......
......o###.))D%))###....
......L #.%)))..# ...
....... #%.))%..#
#.........%..........
.#.#......O..........


You could see a tyrant, 3 eight-headed meat hydras, a destroyer, a dread, 3 meat
berserkers and 4 bags of meat.

Vanquished Creatures
  Sigmund (D)
  6 hell beasts (D)
  3 greater mummies (D)
  2 wraiths (D)
  8 vampire knights (D)
  30 ogres (D)
  6 two-headed ogres (D)
  2 liches (D)
  A hydra (D)
  54 orcs (D)
  7 skeletal warriors (D)
  6 small abominations (D)
  2 large abominations (D)
  14 crawling corpses (D)
142 creatures vanquished.

Vanquished Creatures (others)
  4 crawling corpses (D)
4 creatures vanquished.

Grand Total: 146 creatures vanquished

Notes
Turn   | Place    | Note
-------+----------+-------------------------------------------
     0 | D        | Found the +∞ Axe of Woe
     0 | D        | Fang the Minotaur Gladiator began the quest for the Orb.
     0 | D        | Reached XP level 1. HP: 18/18 MP: 0/0
     2 | D        | Noticed a meat berserker
     4 | D        | Became a worshipper of Makhleb the Destroyer
     5 | D        | Noticed a meat berserker
     7 | D        | Killed a meat berserker
     7 | D        | Reached XP level 2. HP: 45/45 MP: 1/1
     7 | D        | Reached XP level 3. HP: 51/51 MP: 2/2
     7 | D        | Reached XP level 4. HP: 59/59 MP: 3/3
     7 | D        | Reached XP level 5. HP: 66/66 MP: 4/4
     7 | D        | Reached XP level 6. HP: 73/73 MP: 5/5
     7 | D        | Reached XP level 7. HP: 80/80 MP: 6/6
     7 | D        | Reached XP level 8. HP: 88/88 MP: 7/7
     7 | D        | Reached XP level 9. HP: 94/94 MP: 8/8
     7 | D        | Reached XP level 10. HP: 102/102 MP: 9/9
     7 | D        | Reached XP level 11. HP: 108/108 MP: 10/10
     7 | D        | Reached XP level 12. HP: 116/116 MP: 11/11
     7 | D        | Reached XP level 13. HP: 123/123 MP: 12/12
     7 | D        | Noticed a bag of meat
     9 | D        | Killed a meat berserker
     9 | D        | Reached * piety under Makhleb
     9 | D        | Reached skill level 15 in Fighting
     9 | D        | Reached skill level 27 in Axes
     9 | D        | Reached XP level 14. HP: 136/136 MP: 13/13
     9 | D        | Noticed a bag of meat
    10 | D        | Noticed a bag of meat
    10 | D        | Noticed a meat berserker
    11 | D        | Noticed a bag of meat
    12 | D        | Killed a bag of meat
    13 | D        | Noticed a bag of meat
    13 | D        | Noticed a bag of meat
    14 | D        | Noticed a bag of meat
    14 | D        | Noticed a bag of meat
    14 | D        | Noticed a bag of meat
    14 | D        | Noticed a bag of meat
    15 | D        | Noticed a large bag of meat
    15 | D        | Killed a meat berserker
    15 | D        | Reached skill level 27 in Dodging
    15 | D        | Reached XP level 15. HP: 160/160 MP: 14/14
    17 | D        | Reached ** piety under Makhleb
    18 | D        | Reached skill level 10 in Armour
    18 | D        | Reached XP level 16. HP: 180/180 MP: 15/15
    19 | D        | Reached skill level 27 in Fighting
    20 | D        | Reached *** piety under Makhleb
    20 | D        | Noticed a destroyer
    21 | D        | Reached skill level 27 in Throwing
    21 | D        | Reached XP level 17. HP: 191/191 MP: 16/16
    21 | D        | Noticed a meat berserker
    22 | D        | Noticed a destroyer
    23 | D        | Reached **** piety under Makhleb
    23 | D        | Reached skill level 27 in Armour
    24 | D        | Killed a large bag of meat
    24 | D        | Reached XP level 18. HP: 172/200 MP: 16/29
    24 | D        | Reached skill level 10 in Spellcasting
    24 | D        | Noticed a meat berserker
    24 | D        | Noticed a meat berserker
    25 | D        | Reached skill level 15 in Invocations
    26 | D        | Reached skill level 15 in Stealth
    26 | D        | Killed a meat berserker
    26 | D        | Reached ***** piety under Makhleb
    26 | D        | Reached XP level 19. HP: 207/207 MP: 16/36
    27 | D        | Noticed a meat berserker
    28 | D        | Killed a meat berserker
    28 | D        | Reached skill level 15 in Spellcasting
    28 | D        | Noticed a meat berserker
    29 | D        | Killed a destroyer
    29 | D        | Reached XP level 20. HP: 216/216 MP: 16/40
    30 | D        | Noticed a meat berserker
    31 | D        | Noticed an eight-headed meat hydra
    32 | D        | Killed a meat berserker
    32 | D        | Reached skill level 27 in Unarmed Combat
    33 | D        | Noticed a destroyer
    33 | D        | Noticed a meat berserker
    34 | D        | Killed a meat berserker
    34 | D        | Reached skill level 27 in Invocations
    34 | D        | Reached XP level 21. HP: 224/224 MP: 18/44
    34 | D        | Reached ****** piety under Makhleb
    35 | D        | Reached skill level 27 in Stealth
    36 | D        | Killed a destroyer
    36 | D        | Reached skill level 27 in Spellcasting
    36 | D        | Reached XP level 22. HP: 233/233 MP: 18/52
    39 | D        | Reached XP level 23. HP: 240/240 MP: 19/53
    39 | D        | Noticed a destroyer
    40 | D        | Noticed a large bag of meat
    42 | D        | Killed a destroyer
    43 | D        | Reached XP level 24. HP: 249/249 MP: 20/53
    44 | D        | Noticed a destroyer
    46 | D        | Killed a destroyer
    47 | D        | Reached XP level 25. HP: 257/257 MP: 21/53
    47 | D        | Noticed a large bag of meat
    48 | D        | Killed a large bag of meat
    48 | D        | Noticed a destroyer
    51 | D        | Reached XP level 26. HP: 223/266 MP: 22/53
    51 | D        | Killed a destroyer
    51 | D        | Killed a destroyer
    52 | D        | Noticed an accursed
    53 | D        | Reached XP level 27. HP: 273/273 MP: 22/53
    53 | D        | Killed an accursed
    55 | D        | Noticed a destroyer
    55 | D        | Noticed a destroyer
    55 | D        | Noticed a large bag of meat
    58 | D        | Noticed a tyrant
    59 | D        | Killed a large bag of meat
    59 | D        | Noticed an accursed
    60 | D        | Noticed The Captor
    61 | D        | Noticed a tyrant
    63 | D        | Killed a destroyer
    63 | D        | Noticed a dread
    67 | D        | Killed a destroyer
    68 | D        | Killed a large bag of meat
    68 | D        | Killed The Captor
    68 | D        | Noticed a meat beast
    69 | D        | Noticed a meat beast
    70 | D        | Killed a dread
    70 | D        | Noticed a dread
    70 | D        | Noticed a dread
    71 | D        | Noticed a meat beast
    72 | D        | Killed an accursed
    72 | D        | Killed a tyrant
    72 | D        | Killed a meat beast
    72 | D        | Killed a tyrant
    72 | D        | Killed a meat beast
    73 | D        | Noticed an accursed
    74 | D        | Killed a meat beast
    74 | D        | Noticed a meat beast
    74 | D        | Noticed a destroyer
    75 | D        | Noticed a meat beast
    76 | D        | Noticed a large bag of meat
    76 | D        | Noticed a large bag of meat
    77 | D        | Killed a meat beast
    79 | D        | Killed a dread
    81 | D        | Killed a large bag of meat
    83 | D        | Killed a large bag of meat
    84 | D        | Noticed a tyrant
    85 | D        | Killed a meat beast
    85 | D        | Killed an accursed
    86 | D        | Noticed a meat beast
    88 | D        | Killed a meat beast
    89 | D        | Annihilated by a meat berserker

Vault maps used:
D:        meatsprint

Skill      XL: |  1  2  3  4  5  6  7  8  9 10 11 12 13 14 15 16 17 18 19 20 21 |
---------------+----------------------------------------------------------------+-----
Fighting       | 13 15 22 25 27 | 27.0
Axes           | 23 27 | 27.0
Throwing       | 11 13 18 22 27 | 27.0
Dodging        | 21 24 27 | 27.0
Armour         | 6 10 17 27 | 27.0
Stealth        | 11 17 21 25 27 | 27.0
Unarmed Combat | 13 20 24 27 | 27.0
Spellcasting   | 8 14 17 20 27 | 27.0
Invocations    | 12 18 22 27 | 27.0

Action                   |  1- 3 |  4- 6 |  7- 9 | 10-12 | 13-15 | 16-18 | 19-21 | 22-24 | 25-27 || total
-------------------------+-------+-------+-------+-------+-------+-------+-------+-------+-------++-------
Melee: Executioner's axe |     1 |       |       |       |     5 |     7 |     7 |    10 |    33 ||    63
  Use: Potion            |       |       |       |       |       |       |       |       |     1 ||     1
Dodge: Dodged            |       |       |       |       |     2 |     1 |       |       |     7 ||    10

Table legend:
 A = Non-vault XP
 B = Vault XP
 C = Vault XP percentage of total XP
 D = Non-vault monster count
 E = Vault monster count
 F = Vault count percentage of total count
                 A         B        C        D         E       F
            +---------+---------+-------+---------+---------+-------
      Total | 2903894 | 1244485 |  30.0 |      68 |      60 |  46.9
            +---------+---------+-------+---------+---------+-------
          D | 2903894 | 1244485 |  30.0 |      68 |      60 |  46.9
            +---------+---------+-------+---------+---------+-------
